 Dungeon Crawl Stone Soup version 0.19.1-1-g22dce08 (console) character file.

39 sose the Ruffian (level 3, -5/31 HPs)
             Began as a Troll Earth Elementalist on Dec 30, 2016.
             Killed from afar by Sigmund (10 damage)
             ... with a puff of flame
             ... on level 2 of the Dungeon.
             The game lasted 00:01:42 (949 turns).

sose the Ruffian (Troll Earth Elementalist)          Turns: 949, Time: 00:01:42

Health: -5/31      AC:  5    Str: 16    XL:     3   Next: 28%
Magic:  3/3        EV: 10    Int: 12    God:
Gold:   107        SH:  0    Dex: 10    Spells: 1 memorised, 3 levels left

rFire  . . .     SeeInvis .       - Unarmed
rCold  . . .     Gourm    +     c - +0 robe
rNeg   . . .     Faith    .     (no shield)
rPois  .         Spirit   .     (helmet restricted)
rElec  .         Reflect  .     (no cloak)
rCorr  .         Harm     .     (gloves unavailable)
MR     .....                    (boots unavailable)
Stlth  +.........               (no amulet)
                                (no ring)
                                (no ring)

@: no status effects
A: unfitting armour, claws 3, fast metabolism 3, gourmand, regeneration 1,
shaggy fur 1, tough skin 2
a: no special abilities


You were on level 2 of the Dungeon.
You were very full.

You visited 1 branch of the dungeon, and saw 2 of its levels.

You collected 107 gold pieces.

Inventory:

Missiles
 b - 43 stones (quivered)
Armour
 c - a +0 robe (worn)
Scrolls
 a - a scroll of identify {unknown}
 m - a scroll of fear {unknown}
Potions
 h - a potion of flight {unknown}
 i - a potion of lignification {unknown}
 j - a potion of mutation {unknown}
 k - a potion of degeneration {unknown}
Books
 e - a book of Geomancy

   Spells                             Type                      Level
   a - Sandblast                      Earth                        1
   b - Passwall                       Transmutation/Earth          2
   c - Stone Arrow                    Conjuration/Earth            3
   d - Petrify                        Transmutation/Earth          4
   e - Lee's Rapid Deconstruction     Earth                        5
Comestibles
 d - 2 bread rations
 f - a beef jerky
 g - a slice of pizza
 l - a meat ration


   Skills:
 - Level 1.5 Dodging
 - Level 1.0 Stealth
 + Level 3.0 Unarmed Combat
 - Level 1.2 Spellcasting
   Level 0.6 Transmutations
 - Level 2.6 Earth Magic


You had 3 spell levels left.
You knew the following spells:

 Your Spells              Type           Power        Failure   Level  Hunger
a - Sandblast             Erth           #.....       12%         1    ##.....


Dungeon Overview and Level Annotations

Branches:
Dungeon (2/15)

Altars:

Annotations:
D:2 Sigmund


Innate Abilities, Weirdness & Mutations

You are too large for most types of armour.
You have claws for hands.
Your metabolism is lightning-fast.
You like to eat raw meat.
Your natural rate of healing is unusually fast.
You are covered in fur. (AC +1)
You have very tough skin. (AC +2)


Message History

You closely miss the adder.
The adder is heavily wounded.
The adder closely misses you. Something hits you but does no damage.
You closely miss the adder.
The adder is heavily wounded.
The adder bites you. The adder bites you but does no damage.
You scratch the adder.
The adder is almost dead.
Something hits you but does no damage. The adder bites you but does no damage.
You claw the adder!
You kill the adder!
Your Unarmed Combat skill increases to level 3!
Something hits you! Something hits you. Something hits you!
* * * LOW HITPOINT WARNING * * *
Okay, then.
A puff of flame appears from out of thin air!
The puff of flame hits you!
You die...

........# .......#
.....).+ #.S....# #.
#.@....# #.#.##......#
............# #
#.....#### ###
..#........#####@###...
.>.........'............
#..........#####.###.###
###.#......# #.#
#.....########.###
###.##..# #....#...#
........###.........
###.###..........#.#
.##.# #.......)..#.#


There were no monsters in sight!

Vanquished Creatures
  An adder (D:2)
  3 worms (D:2)
  A dart slug (D:1)
  A leopard gecko (D:2)
  A giant cockroach (D:2)
  2 goblins
  3 hobgoblins
  3 bats
  A frilled lizard (D:1)
  A kobold (D:1)
  4 rats
21 creatures vanquished.

Notes
Turn   | Place    | Note
-------+----------+-------------------------------------------
     0 | D:1      | sose the Troll Earth Elementalist began the quest for the Orb.
     0 | D:1      | Reached XP level 1. HP: 16/16 MP: 1/1
   100 | D:1      | Reached skill level 1 in Unarmed Combat
   289 | D:1      | Reached XP level 2. HP: 24/24 MP: 2/2
   754 | D:2      | Reached skill level 2 in Unarmed Combat
   917 | D:2      | Reached XP level 3. HP: 31/31 MP: 3/3
   925 | D:2      | Noticed Sigmund
   942 | D:2      | Reached skill level 3 in Unarmed Combat
   949 | D:2      | Killed from afar by Sigmund

Skill      XL: |  1  2  3 |
---------------+----------+-----
Unarmed Combat | 1 2 3 |  3.0
Dodging        | |  1.5
Stealth        | |  1.0
Spellcasting   | |  1.2
Transmutations | |  0.6
Earth Magic    | |  2.6

Action                   || total
-------------------------++-------
Melee: Unarmed           ||    51
       Punch             ||     2
 Stab: Sleeping          ||     2
  Eat: Chunk             ||    12
Armor: Robe              ||    17
Dodge: Dodged            ||    28
